Match 42726559
Unlisted

Match 42726559
End
Construct Barracks
Selects Special Operations Battlegroup
Selects M29 Weasel Recon Vehicle
M29 Weasel Recon Vehicle
Riflemen Squad
Riflemen Squad
Grenade Package
Mechanized Support Center
Riflemen Squad
Construct Motor Pool
Designate Forward Repair Station
Selects Raiding Flares
M8 Greyhound Armored Car
Selects SSF Commando Squad
SSF Commando Squad
Raiding Flares
M1 Anti-tank Gun Team
Engineer Squad
Selects Mark Vehicle
Selects UNKNOWN (2162291)
SSF Commando Squad
Raiding Flares
Construct Tank Depot
Selects Assault Operation
M4A1 Sherman Medium Tank
Raiding Flares
SSF Commando Squad
Assault Operation
M4A1 Sherman Whizbang
Salvage Crew
M4A1 Sherman Medium Tank
M4A1 Sherman Medium Tank
SSF Commando Squad
Rapid Repairs
Manupktd
Patton
Joker
jhc0928d
XAPA KENTE
Tanith's Finest
Cmdte. Canela
Komrad Dyatlov
0
0

Comments sign in to comment!

No comments posted yet!